 Dungeon Crawl Stone Soup version 0.25-a0-780-g622e69b31f (webtiles) character file.

Game seed: 15017623155088762831, levelgen mode: deterministic

3360 Hasart the Frost Mage (level 9, -22/45 HPs)
             Began as a Deep Elf Ice Elementalist on Apr 14, 2020.
             Was a Priest of Vehumet.
             Annihilated by an orc knight
             ... wielding a cursed -2 halberd
              (32 damage)
             ... in a bailey.
             The game lasted 00:17:13 (6274 turns).

Hasart the Frost Mage (Deep Elf Ice Elementalist)   Turns: 6274, Time: 00:17:14

Health: -22/45     AC: 13    Str:  5    XL:     9   Next: 73%
Magic:  9/24       EV: 16    Int: 24    God:    Vehumet [***...]
Gold:   241        SH:  0    Dex: 21    Spells: 15/27 levels left

rFire    x . .     SeeInvis .   w - +3 long sword
rCold    + . .     Gourm    .   (no shield)
rNeg     . . .     Faith    .   A - +0 steam dragon scales (curse)
rPois    .         Spirit   .   h - +2 helmet
rElec    .         Reflect  .   t - +0 cloak
rCorr    .         Harm     .   r - +1 pair of gloves
MR       .....                  j - +1 pair of boots
Stlth    +.........             (no amulet)
HPRegen  0.15/turn              v - ring of Kiocakk {Ice Dex+6}
MPRegen  0.19/turn              (no ring)

@: confused
A: no striking features
a: Renounce Religion


You were in a bailey.
You worshipped Vehumet.
Vehumet was most pleased with you.
You were not hungry.

You visited 1 branch of the dungeon, and saw 7 of its levels.
You also visited: Sewer and Bailey.

You collected 376 gold pieces.
You spent 135 gold pieces at shops.

Inventory:

Hand Weapons
 w - a +3 long sword (weapon)
Missiles
 q - 9 poisoned darts (quivered)
Armour
 a - a +0 robe
 h - a +2 helmet (worn)
 j - a +1 pair of boots (worn)
 r - a +1 pair of gloves (worn)
 t - a +0 cloak (worn)
 A - cursed +0 steam dragon scales (worn)
Jewellery
 v - the ring of Kiocakk (left hand) {Ice Dex+6}
   (You bought it in a shop on level 6 of the Dungeon)

   [ring of ice]

   It enhances your ice magic.
   It affects your dexterity (+6).
   It makes you vulnerable to fire.
   It protects you from cold.
Wands
 m - a wand of iceblast (6)
 y - a wand of flame (12)
Scrolls
 d - a scroll of fear
 e - 8 scrolls of identify
 f - 3 scrolls of enchant armour
 g - 5 scrolls of teleportation
 o - 6 scrolls of remove curse
 u - 3 scrolls of blinking {unknown}
Potions
 b - a potion of stabbing {unknown}
 i - a potion of ambrosia
 k - a potion of might {unknown}
 l - 4 potions of lignification {unknown}
 n - 9 potions of curing {unknown}
 p - a potion of invisibility {unknown}
 s - 4 potions of heal wounds {unknown}
 x - a potion of cancellation {unknown}
 z - a potion of experience {unknown}
 C - a potion of berserk rage {unknown}
Comestibles
 c - 12 rations


   Skills:
 - Level 5.1 Dodging
 - Level 2.4 Stealth
 + Level 9.8 Spellcasting
 - Level 5.0 Summonings
 * Level 11.7 Ice Magic


You had 15 spell levels left.
You knew the following spells:

 Your Spells              Type           Power        Failure   Level  Hunger
a - Freeze                Ice            ####         1%          1    None
b - Frozen Ramparts       Ice            ######       1%          3    None
c - Summon Ice Beast      Ice/Summ       ######..     1%          4    #......
d - Hailstorm             Conj/Ice       ######..     1%          4    #......

Your spell library contained the following spells:

 Spells                   Type           Power        Failure   Level  Hunger
 Searing Ray              Conj           ##....       2%          2    None
 Ozocubu's Armour         Chrm/Ice       ######..     1%          3    None


Dungeon Overview and Level Annotations

Branches:
Dungeon (7/15)             Temple (0/1) D:6           Sewer (visited)
 Bailey (1/1)

Altars:
Ashenzari
Cheibriados
Elyvilon
Makhleb
Nemelex Xobeh
Okawaru
Qazlal
Sif Muna
Vehumet
Zin
The Shining One

Shops:
D:6 *   D:7 =

Annotations:
D:5 3 runed translucent doors, DrMuscles's ghost, novice MiBe


Message History

Unknown command.
Unknown command.
Unknown command.
Evoke which item? (* to show all) (? for menu, Esc to quit)
Aiming: Iceblast
Press: ? - help, Shift-Dir - straight line, f/p - orc knight
Aim: an orc knight, wielding a +0 halberd and wearing a +0 chain mail (almost dead, unusually strong)
The mass of ice explodes!
The iceblast engulfs the orc knight!
The orc knight is heavily wounded.
The iceblast engulfs the orc knight!
You kill the orc knight!
Vehumet accepts your kill.
You feel your power returning.
Unknown command.
There is an open door here.
You are confused.
You feel invigorated.
The orc knight hits you from afar with a cursed -2 halberd!!
Ouch! That really hurt!
You die...

####### ############
####.....## ##........∩.##
..#.......######............#
..'...)...#....#....))).....#
..'...)).)'...o'@...).))...∩#
..'...))..#....#....).......#
..#....)..######............#
####.....## ##...)....∩.##
####### ############


You could see an orc knight.

Vanquished Creatures
  Pikel (D:4)
  An orc knight (Bailey)
  Maggie (D:6)
  7 orc warriors (Bailey)
  An ogre (D:4)
  A centaur (D:7)
  3 bullfrogs
  6 killer bees (D:7)
  A wight (D:7)
  A howler monkey (D:4)
  2 jellies
  2 hounds
  2 orc priests (D:4)
  An orc wizard (D:4)
  2 worker ants (D:4)
  A hound skeleton (D:6)
  A worker ant zombie (D:5)
  3 gnolls (D:2)
  A river rat (D:5)
  13 adders
  A shadow imp (D:7)
  3 oozes
  2 worms
  3 dart slugs
  7 leopard geckos
  36 orcs
  10 giant cockroaches
  5 goblins
  6 hobgoblins
  5 jackals
  2 kobolds
  3 quokkas
  3 ball pythons (Sewer)
  5 bats
  9 frilled lizards
  5 rats
156 creatures vanquished.

Vanquished Creatures (collateral kills)
  A hippogriff (D:7)
  An ice beast (D:5)
  2 phantoms
  2 centaurs (D:6)
  A bullfrog (Sewer)
  A centaur skeleton (D:6)
  2 bullfrog skeletons
  A jackal (D:7)
11 creatures vanquished.

Vanquished Creatures (others)
  A slave (D:4)
  An orc wizard (D:4)
2 creatures vanquished.

Grand Total: 169 creatures vanquished

Notes
Turn   | Place    | Note
-------+----------+-------------------------------------------
     0 | D:1      | Hasart the Deep Elf Ice Elementalist began the quest for
                  | the Orb.
     0 | D:1      | Reached XP level 1. HP: 10/10 MP: 6/6
   250 | D:1      | Reached XP level 2. HP: 15/15 MP: 5/8
   759 | D:2      | Reached skill level 5 in Ice Magic
   759 | D:2      | Reached XP level 3. HP: 10/19 MP: 7/10
   764 | D:2      | Learned a level 3 spell: Frozen Ramparts
  1410 | D:2      | Found a burning altar of Makhleb.
  1458 | D:2      | Reached XP level 4. HP: 20/24 MP: 8/12
  1499 | D:2      | Learned a level 4 spell: Summon Ice Beast
  1855 | D:3      | Reached XP level 5. HP: 28/28 MP: 10/13
  2351 | D:4      | Got a slimy robe
  2355 | D:4      | Identified the +0 robe "Dimenef" {rN+ rCorr Int-3} (You
                  | found it on level 4 of the Dungeon)
  2363 | D:4      | Reached skill level 6 in Ice Magic
  2374 | D:4      | Reached skill level 1 in Summonings
  2843 | D:4      | Noticed a slave
  2846 | D:4      | Reached XP level 6. HP: 32/32 MP: 12/15
  2846 | D:4      | Noticed Pikel
  2847 | D:4      | Noticed a slave
  2849 | D:4      | Noticed a slave
  2849 | D:4      | Noticed a slave
  2858 | D:4      | Killed Pikel
  2858 | D:4      | Reached skill level 5 in Dodging
  2858 | D:4      | Reached skill level 5 in Spellcasting
  2858 | D:4      | Reached skill level 7 in Ice Magic
  2858 | D:4      | Reached XP level 7. HP: 14/36 MP: 5/17
  3171 | D:4      | Found a glowing silver altar of Zin.
  3475 | D:5      | Entered Level 5 of the Dungeon
  3564 | D:5      | Found a runed translucent gate.
  3564 | D:5      | Found a runed translucent gate.
  3565 | D:5      | Found a runed translucent gate.
  3567 | D:5      | Noticed DrMuscles's ghost (novice MiBe)
  3626 | D:5      | Found a sparkling altar of Nemelex Xobeh.
  3656 | D:5      | Found a shattered altar of Ashenzari.
  3669 | D:5      | Reached skill level 8 in Ice Magic
  3738 | D:5      | Reached XP level 8. HP: 21/41 MP: 15/19
  3830 | D:5      | Found a glowing golden altar of the Shining One.
  3830 | D:5      | Found a radiant altar of Vehumet.
  3830 | D:5      | Found a snail-covered altar of Cheibriados.
  3830 | D:5      | Found a stormy altar of Qazlal.
  3838 | D:5      | Became a worshipper of Vehumet
  3843 | D:5      | Found a shimmering blue altar of Sif Muna.
  3843 | D:5      | Found a white marble altar of Elyvilon.
  3957 | D:5      | Found a glowing drain.
  3962 | Sewer    | Entered a sewer
  4198 | Sewer    | Reached * piety under Vehumet
  4198 | Sewer    | Offered knowledge of Sandblast by Vehumet.
  5076 | D:6      | Found a staircase to the Ecumenical Temple.
  5240 | D:6      | Noticed Maggie
  5250 | D:6      | Killed Maggie
  5250 | D:6      | Reached skill level 9 in Ice Magic
  5293 | D:6      | Found an iron altar of Okawaru.
  5696 | D:6      | Found Suagemp's Assorted Antiques.
  5701 | D:6      | Bought a bound iron ring for 135 gold pieces
  5701 | D:6      | Identified the ring of Kiocakk {Ice Dex+6} (You bought it
                  | in a shop on level 6 of the Dungeon)
  5770 | D:7      | Found Fywodda's Jewellery Emporium.
  5774 | D:7      | Reached skill level 5 in Summonings
  5800 | D:7      | Noticed a hippogriff
  5817 | D:7      | Killed a hippogriff
  5817 | D:7      | Reached skill level 10 in Ice Magic
  5817 | D:7      | Reached XP level 9. HP: 35/45 MP: 13/23
  5840 | D:7      | Learned a level 4 spell: Hailstorm
  5933 | D:7      | Found a flagged portal.
  5945 | D:7      | Offered knowledge of Shock by Vehumet.
  5950 | D:7      | Reached ** piety under Vehumet
  5987 | Bailey   | Entered a bailey
  6239 | Bailey   | Noticed an orc knight
  6241 | Bailey   | Offered knowledge of Searing Ray by Vehumet.
  6242 | Bailey   | Reached skill level 11 in Ice Magic
  6246 | Bailey   | Reached *** piety under Vehumet
  6246 | Bailey   | Noticed an orc knight
  6270 | Bailey   | Killed an orc knight
  6274 | Bailey   | Annihilated by an orc knight

Levels and vault maps discovered:
D:1:      minmay_arrival_open_corners, layout_rooms
D:2:      layout_basic, lemuel_doored_altar, first_ration
D:3:      layout_loops_ring, grunt_ministairs_12, minmay_bisected
D:4:      layout_cave_pools, zin_statuary, uniq_pikel
D:5:      layout_loops_ring, minmay_overflow_temple_hex,
          overflow_temple_1_default, evilmike_ruin_ashenzari,
          lightli_sewer_entry_pipes, gammafunk_ghost_split
D:6:      layout_basic, old_standard_altar, minmay_temple_entry_grid,
          serial_shops, shop, uniq_maggie
D:7:      layout_rooms, kennysheep_vampire_church, enter_bailey_3, serial_shops,
          shop
Bailey:   bailey_polearm_5, bailey

Skill      XL: |  1  2  3  4  5  6  7  8  9 |
---------------+----------------------------+-----
Dodging        | 3 4 5 |  5.1
Ice Magic      | 5 6 7 8 10 11 | 11.7
Spellcasting   | 4 5 6 8 9 |  9.8
Summonings     | 1 3 5 |  5.0
Stealth        | |  2.4

Action                   |  1- 3 |  4- 6 |  7- 9 || total
-------------------------+-------+-------+-------++-------
Melee: Unarmed           |     1 |       |       ||     1
       Club              |       |    10 |       ||    10
       Whip              |       |       |    44 ||    44
       War axe           |       |       |    24 ||    24
       Long sword        |       |       |    11 ||    11
 Cast: Freeze            |    44 |    66 |    94 ||   204
       Summon Ice Beast  |       |     1 |    13 ||    14
       Frozen Ramparts   |       |     1 |     7 ||     8
       Hailstorm         |       |       |    19 ||    19
Evoke: Wand              |       |       |     2 ||     2
  Use: Scroll            |     4 |     6 |     2 ||    12
       Potion            |       |       |     1 ||     1
 Stab: Sleeping          |       |       |     2 ||     2
  Eat: Chunk             |     1 |     4 |    10 ||    15
       Ration            |       |       |     1 ||     1
Armor: Robe              |     4 |    21 |    26 ||    51
       Steam dragon scal |       |       |    34 ||    34
Dodge: Dodged            |    25 |    54 |   132 ||   211
       Rpst.: Long sword |       |       |    11 ||    11

Table legend:
 A = Non-vault XP
 B = Vault XP
 C = Vault XP percentage of total XP
 D = Non-vault monster count
 E = Vault monster count
 F = Vault count percentage of total count
                 A         B        C        D         E       F
            +---------+---------+-------+---------+---------+-------
      Total |    2008 |    2793 |  58.2 |      91 |      76 |  45.5
            +---------+---------+-------+---------+---------+-------
        D:1 |      19 |       0 |   0.0 |       9 |       0 |   0.0
        D:2 |     145 |       0 |   0.0 |      19 |       0 |   0.0
        D:3 |      27 |      46 |  63.0 |      11 |       6 |  35.3
        D:4 |     401 |     641 |  61.5 |      17 |       1 |   5.6
        D:5 |     154 |      57 |  27.0 |       7 |       7 |  50.0
        D:6 |     342 |     334 |  49.4 |      12 |       1 |   7.7
        D:7 |     920 |       7 |   0.8 |      16 |       4 |  20.0
      Sewer |       0 |     169 | 100.0 |       0 |      21 | 100.0
     Bailey |       0 |    1539 | 100.0 |       0 |      36 | 100.0
            +---------+---------+-------+---------+---------+-------
